 Dungeon Crawl Stone Soup version 0.25-a0-731-g0472a16d6a (webtiles) character file.

Game seed: 16610508343797004020, levelgen mode: deterministic

12395 kae the Martial Artist (level 11, -4/76 (77) HPs)
             Began as a Yellow Draconian Transmuter on Apr 8, 2020.
             Was a Priest of Wu Jian.
             Slain by a black mamba (10 damage)
             ... on level 1 of the Lair of Beasts.
             The game lasted 00:14:57 (15379 turns).

kae the Martial Artist (DrTm)                      Turns: 15379, Time: 00:14:58

HP:   -4/76 (77)    AC: 10    Str: 16    XL:     11   Next: 61%
MP:   23/23         EV: 12    Int: 14    God:    Wu Jian [***...]
Gold: 714           SH:  0    Dex: 17    Spells: 12/27 levels left

rFire    . . .     SeeInvis .     - Unarmed
rCold    . . .     Gourm    .   (no shield)
rNeg     . . .     Faith    .   (armour unavailable)
rPois    .         Spirit   .   p - +2 hat
rElec    .         Reflect  .   (no cloak)
rCorr    +         Harm     .   y - +0 pair of gloves
MR       .....                  (no boots)
Stlth    ++........             (no amulet)
HPRegen  0.22/turn              j - +3 ring of dexterity
MPRegen  0.18/turn              b - +3 ring of strength

@: lethally poisoned (-4 -> -53), short of breath
A: spit acid, unfitting armour, cold-blooded, acid resistance, AC +7
a: Breathe Acid, Wall Jump, Serpent's Lash, Renounce Religion


You were on level 1 of the Lair of Beasts.
You worshipped Wu Jian.
Wu Jian was most pleased with you.
You were not hungry.

You visited 3 branches of the dungeon, and saw 12 of its levels.

You collected 714 gold pieces.

Inventory:

Hand Weapons
 g - a +6 whip of freezing
Missiles
 a - 218 arrows
Armour
 p - a +2 hat (worn)
 y - a +0 pair of gloves (worn)
Jewellery
 b - a +3 ring of strength (right hand)
 j - a +3 ring of dexterity (left hand)
Wands
 t - a wand of flame (13)
 w - a wand of paralysis (14)
 A - a wand of polymorph (9)
 E - a wand of digging (6)
Scrolls
 i - 4 scrolls of teleportation
 l - a scroll of enchant weapon
 n - 6 scrolls of remove curse
 u - a scroll of magic mapping
 B - 2 scrolls of blinking
 D - a scroll of amnesia
Potions
 d - 2 potions of cancellation
 e - 8 potions of curing
 f - a potion of haste
 h - 5 potions of might {unknown}
 k - 2 potions of brilliance {unknown}
 m - a potion of flight
 o - 2 potions of resistance
 q - a potion of lignification
 r - a potion of stabbing
 s - a potion of heal wounds
 v - 3 potions of invisibility {unknown}
 x - 2 potions of ambrosia {unknown}
 z - a potion of mutation
Comestibles
 c - 16 rations
 C - 7 chunks of flesh


   Skills:
 - Level 1.1 Fighting
 - Level 1.7 Dodging
 * Level 13.2 Unarmed Combat
 + Level 8.9 Spellcasting
 + Level 9.6 Transmutations


You had 12 spell levels left.
You knew the following spells:

 Your Spells              Type           Power        Failure   Level  Hunger
a - Beastly Appendage     Tmut           ####..       1%          1    None
b - Sticks to Snakes      Tmut           ####....     1%          2    None
c - Spider Form           Tmut/Pois      ###.......   4%          3    ##.....
d - Ice Form              Ice/Tmut       ###.....     16%         4    ####...
e - Blade Hands           Tmut           ####......   6%          5    #####..

Your spell library contained the following spells:

 Spells                   Type           Power        Failure   Level  Hunger
 Foxfire                  Conj/Fire      #...         12%         1    None
 Conjure Flame            Conj/Fire      #.......     34%         3    ##.....
 Inner Flame              Hex/Fire       #.......     34%         3    ##.....
 Sticky Flame             Conj/Fire      #.......     75%         4    ####...
 Fireball                 Conj/Fire      #.........   97%         5    #####..


Dungeon Overview and Level Annotations

Branches:
Dungeon (10/15)            Temple (1/1) D:7            Lair (1/6) D:9
    Orc: D:9-12

Altars:
Ashenzari
Cheibriados
Dithmenos
Elyvilon
Fedhas
Gozag
Hepliaklqana
Kikubaaqudgha
Makhleb
Nemelex Xobeh
Okawaru
Qazlal
Ru
Sif Muna
Trog
Uskayaw
Vehumet
Wu Jian
Xom
Yredelemnul
Zin
The Shining One

Shops:
D:7 :

Annotations:
D:7 exclusion: yak
D:8 3 runed translucent doors


Innate Abilities, Weirdness & Mutations

You can spit globs of acid.
Your golden yellow scales are hard. (AC +7)
You cannot fit into any form of body armour.
You are cold-blooded and may be slowed by cold attacks.
You are resistant to acid. (rCorr)


Message History

The black mamba poisons you!
You closely miss the black mamba.
Your tail-slap misses the black mamba.
The black mamba is almost dead.
* * * LOW HITPOINT WARNING * * *
You feel very sick.
The black mamba bites you but does no damage.
You barely miss the black mamba.
The black mamba is almost dead.
* * * LOW HITPOINT WARNING * * *
You feel very sick. The black mamba bites you.
* * * LOW HITPOINT WARNING * * *
You are more poisoned.
The black mamba poisons you! The black mamba closely misses you.
You miss the black mamba.
The black mamba is almost dead.
* * * LOW HITPOINT WARNING * * *
You feel very sick. The black mamba bites you!
You die...

##.........#.# #
#...........##
###.(..........##
.###............# ##
#P...........### #
#.............## ##
###...........P# P#
#............#.# ##
#.#.......@....# #
####.......S...# #
##...........# ### ###
##............#
..###.####..............
........................
........................
.................##.....
.......(.........##


You could see a black mamba.

Vanquished Creatures
  Harold (D:8)
  A hydra (Lair:1)
  A two-headed ogre (D:9)
  3 spiny frogs
  Maggie (D:9)
  A komodo dragon (Lair:1)
  A troll (D:10)
  2 hippogriffs
  Sigmund (D:6)
  A wyvern (D:9)
  A hungry ghost (D:8)
  10 yaks
  A human (D:8)
  Edmund (D:6)
  Duvessa (D:5)
  3 water moccasins (Lair:1)
  2 sky beasts
  2 phantoms
  4 orc warriors
  4 ice beasts
  A black bear (D:8)
  3 ogres
  2 necrophages
  6 wolves
  A crocodile (Lair:1)
  3 centaurs
  A big kobold (D:8)
  8 bullfrogs
  A gnoll sergeant (D:7)
  Dowan (D:5)
  7 scorpions
  6 killer bees
  7 wights
  2 howler monkeys
  6 crimson imps
  A centaur zombie (D:9)
  A quasit (D:6)
  A bullfrog zombie (D:9)
  A bullfrog skeleton (D:6)
  7 hounds
  2 jellies
  4 orc priests
  2 centaur skeletons
  5 orc wizards
  4 iguanas
  9 worker ants
  A killer bee zombie (D:7)
  3 hound zombies
  A hound skeleton (D:7)
  9 adders
  A gnoll (D:7)
  2 shadow imps
  3 oozes
  An adder zombie (D:3)
  2 adder skeletons
  4 worms
  2 dart slugs
  6 leopard geckos
  21 orcs
  2 ball pythons
  6 giant cockroaches
  9 hobgoblins
  3 jackals
  11 kobolds
  7 quokkas
  9 bats
  7 frilled lizards
  6 goblins
  A leopard gecko zombie (D:7)
  2 quokka skeletons
  8 rats
261 creatures vanquished.

Vanquished Creatures (others)
  8 fungi (D:9)
  3 plants (D:9)
11 creatures vanquished.

Grand Total: 272 creatures vanquished

Notes
Turn   | Place    | Note
-------+----------+-------------------------------------------
     0 | D:1      | kae the Draconian Transmuter began the quest for the Orb.
     0 | D:1      | Reached XP level 1. HP: 16/16 MP: 3/3
   256 | D:1      | Reached XP level 2. HP: 23/23 MP: 3/5
   826 | D:2      | Reached XP level 3. HP: 28/28 MP: 4/6
   830 | D:2      | Learned a level 2 spell: Sticks to Snakes
   834 | D:2      | Learned a level 3 spell: Spider Form
  1255 | D:2      | Reached skill level 4 in Unarmed Combat
  1488 | D:2      | Reached XP level 4. HP: 16/35 MP: 5/7
  2410 | D:3      | Reached XP level 5. HP: 25/40 MP: 7/9
  3064 | D:4      | Reached skill level 5 in Unarmed Combat
  3579 | D:5      | Entered Level 5 of the Dungeon
  3587 | D:5      | Reached XP level 6. HP: 40/47 MP: 3/11
  3811 | D:5      | Noticed Duvessa
  3811 | D:5      | Noticed Dowan
  3830 | D:5      | Killed Duvessa
  4018 | D:5      | Killed Dowan
  4125 | D:5      | Reached skill level 6 in Unarmed Combat
  4125 | D:5      | Your scales start taking on a golden yellow colour.
  4125 | D:5      | Reached XP level 7. HP: 39/52 MP: 8/12
  4125 | D:5      | Gained mutation: You are resistant to acid. (rCorr) [Yellow
                  | Draconian growth]
  4737 | D:5      | Found an iron altar of Okawaru.
  4738 | D:5      | Found a radiant altar of Vehumet.
  4739 | D:5      | Found a shadowy altar of Dithmenos.
  5392 | D:6      | Reached skill level 7 in Unarmed Combat
  5595 | D:6      | Reached XP level 8. HP: 38/59 MP: 14/14
  5759 | D:6      | Reached skill level 5 in Transmutations
  5806 | D:6      | Noticed Edmund
  5816 | D:6      | Killed Edmund
  6241 | D:6      | Noticed Sigmund
  6248 | D:6      | Killed Sigmund
  6248 | D:6      | Reached skill level 5 in Spellcasting
  6382 | D:7      | Reached skill level 8 in Unarmed Combat
  6472 | D:7      | Found Xyat Vyc's Book Emporium.
  6880 | D:7      | Found a staircase to the Ecumenical Temple.
  6890 | Temple   | Entered the Ecumenical Temple
  7109 | Temple   | Became a worshipper of the Wu Jian Council
  7677 | D:7      | Found a burning altar of Makhleb.
  7751 | D:7      | Reached XP level 9. HP: 31/64 MP: 17/17
  7984 | D:7      | Reached skill level 9 in Unarmed Combat
  8095 | D:7      | Noticed a skeletal warrior
  8789 | D:8      | Reached * piety under Wu Jian
  9041 | D:8      | Learned a level 4 spell: Ice Form
  9219 | D:8      | Reached skill level 10 in Unarmed Combat
  9260 | D:8      | Found a shattered altar of Ashenzari.
  9337 | D:8      | Noticed Harold
  9715 | D:8      | Found a runed translucent gate.
  9715 | D:8      | Found a runed translucent gate.
  9717 | D:8      | Found a runed translucent gate.
  9718 | D:8      | Noticed a cyan ugly thing
  9719 | D:8      | Noticed a purple ugly thing
  9719 | D:8      | Noticed a green ugly thing
  9721 | D:8      | Noticed a red ugly thing
  9750 | D:8      | Killed Harold
  9750 | D:8      | Reached XP level 10. HP: 38/71 MP: 15/20
 10171 | D:9      | Noticed Maggie
 10221 | D:9      | Learned a level 5 spell: Blade Hands
 10278 | D:9      | Reached ** piety under Wu Jian
 10475 | D:9      | Reached skill level 11 in Unarmed Combat
 10599 | D:9      | Noticed a two-headed ogre
 10629 | D:9      | Killed a two-headed ogre
 11522 | D:9      | Killed Maggie
 11770 | D:9      | Reached skill level 12 in Unarmed Combat
 11791 | D:9      | Reached *** piety under Wu Jian
 11893 | D:9      | Found a staircase to the Lair.
 12248 | D:10     | Entered Level 10 of the Dungeon
 12410 | D:10     | Reached XP level 11. HP: 60/76 MP: 18/23
 13193 | Lair:1   | Entered Level 1 of the Lair of Beasts
 14928 | Lair:1   | Reached skill level 13 in Unarmed Combat
 15145 | Lair:1   | Noticed a four-headed hydra
 15173 | Lair:1   | Killed a four-headed hydra
 15379 | Lair:1   | Slain by a black mamba

Levels and vault maps discovered:
D:1:      dpeg_arrival_brainrot, layout_basic
D:2:      layout_basic, first_ration, nrook_uturn, st_stairs_13
D:3:      layout_rooms, minmay_vboxes
D:4:      layout_cave_pools
D:5:      layout_rooms, gammafunk_temple_overflow_forgotten, uniq_duvessa
D:6:      layout_basic, chequers_serial_rivers_micro_b, uniq_edmund,
          uniq_sigmund
D:7:      minmay_the_grid_triangle_9x9_rhombus_full
          [minmay_the_grid_triangle_9x9_zippers_vertical,
          minmay_the_grid_triangle_9x9_shrine,
          minmay_the_grid_triangle_9x9_corruption,
          minmay_the_grid_triangle_9x9_odd_lines,
          minmay_the_grid_triangle_9x9_alien,
          minmay_the_grid_triangle_9x9_skeleton,
          minmay_the_grid_triangle_9x9_semitri,
          minmay_the_grid_triangle_9x9_prize_insulated], layout_rooms,
          minmay_temple_entry_tees, serial_shops, nicolae_shop_stone
D:8:      layout_basic, cheibrodos_ashenzari_chains,
          ploomutoo_gammafunk_ghost_potion_laboratory, grunt_pizzeria,
          uniq_harold
D:9:      layout_long_grid, grunt_lair_entry_orc_guard_hut, glass_columns_a,
          kennysheep_kite_vault, uniq_maggie
D:10:     layout_irregular_city, serial_column_ruins, column_ruins_grid_4,
          column_ruins_grid_1, column_ruins_columns_straight,
          column_ruins_grid_1, column_ruins_open_tiny, column_ruins_open_medium
Temple:   dpeg_five_rooms_temple
Lair:1:   layout_hall_layers, uniq_gastronok

Skill      XL: |  1  2  3  4  5  6  7  8  9 10 11 |
---------------+----------------------------------+-----
Unarmed Combat | 4 5 6 7 8 10 12 13 | 13.2
Transmutations | 3 4 6 7 8 9 |  9.6
Spellcasting   | 3 4 5 6 8 |  8.9
Fighting       | |  1.1
Dodging        | |  1.7

Action                   |  1- 3 |  4- 6 |  7- 9 | 10-12 || total
-------------------------+-------+-------+-------+-------++-------
Melee: Unarmed           |    70 |    52 |   163 |   234 ||   519
       Kick              |     9 |     3 |       |       ||    12
       Headbutt          |     4 |       |       |       ||     4
       Tailslap          |    12 |     7 |    20 |    19 ||    58
       Whip              |    50 |   135 |   165 |    40 ||   390
       Punch             |       |     2 |     8 |     6 ||    16
 Cast: Beastly Appendage |    20 |     7 |       |       ||    27
       Spider Form       |       |    11 |    13 |       ||    24
       Ice Form          |       |       |     5 |    18 ||    23
       Blade Hands       |       |       |       |    10 ||    10
Invok: Lunge             |       |       |     6 |    25 ||    31
       Whirlwind         |       |       |       |    34 ||    34
 Abil: Breathe Acid      |       |       |     8 |     8 ||    16
       End Transformatio |       |       |       |     1 ||     1
  Use: Scroll            |     1 |    10 |     7 |     7 ||    25
       Potion            |       |     1 |       |       ||     1
 Stab: Sleeping          |     1 |     3 |       |       ||     4
  Eat: Chunk             |     2 |     7 |    24 |    23 ||    56
       Ration            |       |     1 |       |     1 ||     2
Armor: Skin              |    41 |    49 |    95 |    59 ||   244
Dodge: Dodged            |    92 |   133 |   195 |   119 ||   539

Table legend:
 A = Non-vault XP
 B = Vault XP
 C = Vault XP percentage of total XP
 D = Non-vault monster count
 E = Vault monster count
 F = Vault count percentage of total count
                 A         B        C        D         E       F
            +---------+---------+-------+---------+---------+-------
      Total |   12523 |    5185 |  29.3 |     216 |      45 |  17.2
            +---------+---------+-------+---------+---------+-------
        D:1 |      25 |       5 |  16.7 |      15 |       1 |   6.2
        D:2 |      98 |       2 |   2.0 |      28 |       1 |   3.4
        D:3 |     133 |       6 |   4.3 |      26 |       4 |  13.3
        D:4 |      90 |       0 |   0.0 |       6 |       0 |   0.0
        D:5 |     511 |     230 |  31.0 |      11 |       2 |  15.4
        D:6 |     444 |     400 |  47.4 |      15 |       2 |  11.8
        D:7 |     723 |     592 |  45.0 |      14 |      14 |  50.0
        D:8 |    1750 |    1184 |  40.4 |      40 |       2 |   4.8
        D:9 |    2463 |    2766 |  52.9 |      29 |      19 |  39.6
       D:10 |    2203 |       0 |   0.0 |      16 |       0 |   0.0
     Lair:1 |    4083 |       0 |   0.0 |      16 |       0 |   0.0
            +---------+---------+-------+---------+---------+-------
